 Dungeon Crawl Stone Soup version 0.16-a0-2652-gd333f3b (webtiles) character file.

1367 Fiveotanaka the Conjurer (level 8, 0/46 HPs)
             Began as an Octopode Conjurer on Nov 23, 2014.
             Slain by Duvessa
             ... wielding a +0 short sword
              (6 damage)
             ... on level 6 of the Dungeon.
             The game lasted 00:29:40 (5411 turns).

Fiveotanaka the Conjurer (Octopode Conjurer)        Turns: 5411, Time: 00:29:40

Health: 0/46       AC:  1    Str:  7    XL:     8   Next: 65%
Magic:  12/31      EV: 16    Int: 20    God:
Gold:   144        SH:  0    Dex: 15    Spells: 4 memorised, 11 levels left

rFire  . . .     SeeInvis .     v - +2 mace (crush)
rCold  . . .     Clarity  .     (no shield)
rNeg   . . .     SustAb   .     (helmet restricted)
rPois  .         Gourm    +     C - amulet of the gourmand
rElec  .         Spirit   .     q - ring of magical power
rCorr  .         Warding  .     t - +3 ring of dexterity
rMut   .         Stasis   .     D - +3 ring of evasion
MR     .....                    (no ring)
Stlth  ++++......               (no ring)
                                (no ring)
                                (no ring)
                                (no ring)

@: not resistant to hostile enchantments, stealthy
A: almost no armour, amphibious, 8 rings, constrict 8, camouflage 1, gelatinous
body 1
a: no special abilities


You were on level 6 of the Dungeon.
You were not hungry.

You visited 1 branch of the dungeon, and saw 6 of its levels.

You collected 144 gold pieces.

Inventory:

Hand weapons
 v - a +2 mace of crushing (weapon)
 B - a +1 hunting sling
Missiles
 j - 111 stones (quivered)
Jewellery
 q - a ring of magical power (left tentacle)
 t - a +3 ring of dexterity (right tentacle)
 u - an uncursed amulet of warding
 C - an amulet of the gourmand (around mantle)
 D - a +3 ring of evasion (on tentacle)
Scrolls
 e - 2 scrolls of teleportation
 l - a scroll of enchant weapon
 n - 4 scrolls of enchant armour
 p - 3 scrolls of remove curse
 r - a scroll of magic mapping {unknown}
 s - a scroll of fog {unknown}
 w - a scroll of recharging {unknown}
 y - a scroll of immolation {unknown}
 z - 2 scrolls of fear
Potions
 g - a potion of curing {unknown}
 h - 2 potions of agility
 o - 2 potions of might
 x - a potion of heal wounds {unknown}
Books
 a - a book of Annihilations {highlevel, unknown}

   This book is beyond your current level of understanding.

   Spells                             Type                      Level
   Poison Arrow                       Conjuration/Poison           6
   Chain Lightning                    Conjuration/Air              8
   Lehudib's Crystal Spear            Conjuration/Earth            8
   Glaciate                           Conjuration/Ice              9
   Fire Storm                         Conjuration/Fire             9
 c - a book of Conjurations

   Spells                             Type                      Level
   *Magic Dart                        Conjuration                  1
   *Searing Ray                       Conjuration                  2
   Dazzling Spray                     Conjuration/Hexes            3
   Fulminant Prism                    Conjuration/Hexes            4
   *Iskenderun's Mystic Blast         Conjuration                  4
   Iskenderun's Battlesphere          Conjuration/Charms           5
 A - a book of Spatial Translocations

   Spells                             Type                      Level
   Apportation                        Translocation                1
   *Blink                             Translocation                2
   Shroud of Golubria                 Charms/Translocation         2
   Portal Projectile                  Translocation                3
   Teleport Other                     Translocation                3
   Passage of Golubria                Translocation                4
Comestibles
 b - 2 bread rations
 d - a meat ration
 f - 3 slices of pizza
 i - a beef jerky
 k - 2 fruits


   Skills:
 * Level 3.2 Dodging
 * Level 5.8 Stealth
 + Level 6.9 Spellcasting
 + Level 7.1 Conjurations


You had 11 spell levels left.
You knew the following spells:

 Your Spells              Type           Power        Failure   Level  Hunger
a - Magic Dart            Conj           ####         1%          1    None
b - Searing Ray           Conj           #####.       1%          2    None
c - Blink                 Tloc           N/A          17%         2    None
d - Iskenderun's Mystic   Conj           #####...     8%          4    ###....


Dungeon Overview and Level Annotations

Branches:
Dungeon (6/15)
 Temple: D:4-7

Altars:
Cheibriados
Kikubaaqudgha
Okawaru
Ru

Shops:
D:5 =

Annotations:
D:6 Duvessa


Innate Abilities, Weirdness & Mutations

You cannot wear most types of armour.
You are amphibious.
You can wear up to eight rings at the same time.
You can use your tentacles to constrict many enemies at once.
Your skin changes colour to match your surroundings (Stealth).
Your rubbery body absorbs attacks (AC +1).


Message History

You kill Dowan!
Duvessa screams in rage.
Duvessa goes berserk!
Duvessa hits you with a short sword! Duvessa hits you with a short sword.
Casting: Searing Ray
Confirm with . or Enter, or press ? or * to list all spells.
Aiming: Searing Ray
Press: ? - help, Shift-Dir - straight line, f - Duvessa
Aim: Duvessa, wielding a short sword and wearing a glowing leather armour (severely wounded, berserk, fast, unusually strong)
The searing ray hits Duvessa.
Duvessa is severely wounded.
Duvessa hits you with a short sword!
The searing ray misses Duvessa.
Duvessa hits you with a short sword!
* * * LOW HITPOINT WARNING * * *
The searing ray hits Duvessa.
Duvessa is severely wounded.
Duvessa hits you with a short sword.
* * * LOW HITPOINT WARNING * * *
Duvessa hits you with a short sword.
You die...

### .. .#
##.####.######.
#....e@.)......
#..####.#######
# .# .# .# .#
.# .. .


You could see Duvessa (berserk).

Vanquished Creatures
  The ghost of FishServ the Ducker, an average HEVM of Sif Muna (D:5)
  The ghost of Fiveotanaka the Sneak, an average OpCj (D:3)
  3 phantoms
  2 ogres (D:5)
  3 scorpions
  Dowan (D:6)
  Crazy Yiuf (D:4)
  2 hounds
  An orc priest (D:5)
  A centaur skeleton (D:5)
  2 worker ants
  A killer bee zombie (D:5)
  10 adders
  4 gnolls (D:3)
  3 worms
  An adder zombie (D:5)
  3 adder skeletons
  An ooze (D:4)
  9 orcs
  A bat skeleton (D:5)
  3 giant cockroaches
  12 goblins
  7 hobgoblins
  10 jackals
  12 kobolds
  2 ball pythons (D:2)
  7 bats
  2 giant geckos
  A giant gecko zombie (D:6)
  6 giant newts
  A quokka (D:4)
  A quokka skeleton (D:5)
  13 rats
128 creatures vanquished.

Notes
Turn   | Place    | Note
--------------------------------------------------------------
     0 | D:1      | Fiveotanaka, the Octopode Conjurer, began the quest for the Orb.
     0 | D:1      | Reached XP level 1. HP: 11/11 MP: 3/3
   309 | D:1      | Reached XP level 2. HP: 17/17 MP: 3/5
   745 | D:2      | Reached XP level 3. HP: 21/21 MP: 1/6
   749 | D:2      | Learned a level 2 spell: Searing Ray
  1154 | D:2      | Found a sacrificial altar of Ru.
  1312 | D:2      | Reached XP level 4. HP: 27/27 MP: 9/9
  1869 | D:3      | Noticed Fiveotanaka's ghost (average OpCj)
  1870 | D:3      | Learned a level 2 spell: Blink
  1979 | D:3      | Found a snail-covered altar of Cheibriados.
  2079 | D:3      | Killed Fiveotanaka's ghost
  2079 | D:3      | Reached XP level 5. HP: 31/31 MP: 13/13
  2509 | D:3      | Reached XP level 6. HP: 33/36 MP: 15/15
  2580 | D:3      | Reached skill level 5 in Conjurations
  2928 | D:4      | Reached skill level 5 in Spellcasting
  3069 | D:4      | Found an ancient bone altar of Kikubaaqudgha.
  3187 | D:4      | Reached XP level 7. HP: 31/41 MP: 18/18
  3643 | D:4      | Noticed Crazy Yiuf
  3657 | D:4      | Killed Crazy Yiuf
  4004 | D:4      | Reached skill level 6 in Conjurations
  4011 | D:4      | Learned a level 4 spell: Iskenderun's Mystic Blast
  4374 | D:5      | Entered Level 5 of the Dungeon
  4374 | D:5      | Found Themes' Jewellery Boutique.
  4398 | D:5      | Noticed FishServ's ghost (average HEVM)
  4430 | D:5      | Found an iron altar of Okawaru.
  4452 | D:5      | Reached skill level 5 in Stealth
  4490 | D:5      | Killed FishServ's ghost
  4490 | D:5      | Reached XP level 8. HP: 22/46 MP: 12/21
  5352 | D:5      | Reached skill level 7 in Conjurations
  5397 | D:6      | Noticed Dowan
  5400 | D:6      | Noticed Duvessa
  5408 | D:6      | Killed Dowan
  5411 | D:6      | Slain by Duvessa

Action                   |  1- 3 |  4- 6 |  7- 9 || total
-------------------------+-------+-------+-------++-------
Melee: Club              |     8 |     2 |       ||    10
       Dagger            |       |     7 |       ||     7
Throw: Stone             |    13 |     2 |       ||    15
 Cast: Magic Dart        |    65 |    97 |   127 ||   289
       Searing Ray       |       |    10 |    22 ||    32
  Use: Scroll            |       |     5 |     3 ||     8
  Eat: Chunk             |     1 |     6 |    11 ||    18
